Map: Ever Dream LE

Players

Nice - Winner!

  • Race: Protoss Protoss
  • Spawn Location: 7:00

Yoger

  • Race: Zerg Zerg
  • Spawn Location: 1:00

Event: DreamHack SC2 Masters 2020 Fall

VOD

Have the link to the VOD?

Description

Time

  • Played on: Aug. 29, 2020, 7:58 a.m.
  • Length: 3:15

All games in this series

Show
View Real Time Build Order
Export as new Build Order

Nice Protoss - Winner!

Build Orders:  

Get SALT Encoding   

  12  0:00  Probe  
  13  0:12  Probe  
  14  0:18  Pylon  
  14  0:24  Probe  
  15  0:37  Probe (Chrono Boost)  
  15  0:41  Gateway  
  16  0:49  Assimilator, Probe (Chrono Boost)  
  17  0:54  Probe (Chrono Boost)  
  18  1:03  Probe  
  19  1:09  Pylon  
  19  1:15  Probe  
  20  1:27  Zealot (Chrono Boost)  
  20  1:28  Cybernetics Core  
  20  1:31  Forge  
  22  1:34  Pylon  
  22  1:37  Probe  
  23  1:52  Zealot (Chrono Boost)  
  25  2:04  Photon Cannon  
  25  2:12  Photon Cannon  
  25  2:16  Adept (Chrono Boost)  
  25  2:18  Pylon  
  27  2:26  Shield Battery  
  27  2:40  Adept  
  29  2:54  Nexus  
Show
View Real Time Build Order
Export as new Build Order

Yoger Zerg 

Build Orders: Hatch First 

Get SALT Encoding   

  12  0:00  Drone  
  13  0:12  Overlord  
  13  0:17  Drone  
  14  0:31  Drone x2  
  16  0:51  Hatchery  
  16  0:53  Drone  
  17  0:57  Drone  
  17  1:02  Drone  
  18  1:11  Extractor  
  17  1:16  Spawning Pool  
  16  1:20  Drone  
  16  1:23  Drone  
  18  1:29  Drone  
  20  1:47  Drone  
  20  1:56  Overlord  
  20  2:04  Spine Crawler  
  20  2:06  Zergling x2  
  20  2:07  Spine Crawler  
  20  2:08  Spine Crawler  
  18  2:11  Queen  
  21  2:17  Zergling x2  
  23  2:27  Spine Crawler  
  23  2:29  Zergling x2  
  23  2:37  Zergling x4  
  23  2:41  Spine Crawler  
  25  2:44  Spine Crawler  
  25  2:46  Zergling x2  
  22  2:51  Zergling x2  
  22  2:52  Zergling x2  

Tags
 
Add a new tag
Caveats
  • Supply blocks, unpowered buildings, or Contaminate may cause inaccurate times.
  • Supply counts are checked every 10 seconds.